 Dungeon Crawl Stone Soup version 0.19.4-9-g45fd643 (webtiles) character file.

5931 oplop the Cleaver (level 10, 85/85 (86) HPs)
             Began as a Minotaur Berserker on Feb 19, 2017.
             Was an Elder of Trog.
             Quit the game on level 10 of the Dungeon.
             The game lasted 00:15:48 (8119 turns).

oplop the Cleaver (Minotaur Berserker)              Turns: 8119, Time: 00:15:49

HP:   85/85 (86)    AC:  6    Str: 23    XL:     10   Next: 54%
MP:   18/18         EV: 16    Int:  6    God:    Trog [****..]
Gold: 616           SH:  0    Dex: 12    Spells: 0 memorised, 9 levels left

rFire  . . .     SeeInvis .     E - +6 hand axe of the Toadstool {chop, rElec rF- rN+ MP+9 Int+2}
rCold  . . .     Gourm    .     y - +0 leather armour
rNeg   + . .     Faith    .     (no shield)
rPois  .         Spirit   .     (helmet restricted)
rElec  +         Reflect  .     u - +0 cloak
rCorr  .         Harm     .     (no gloves)
MR     .....                    (no boots)
Stlth  +.........               (no amulet)
                                (no ring)
                                D - ring of protection from fire

@: no status effects
A: retaliatory headbutt, horns 2
a: Berserk, Trog's Hand, Brothers in Arms, Burn Spellbooks, Renounce Religion


You were on level 10 of the Dungeon.
You worshipped Trog.
Trog was greatly pleased with you.
You were very hungry.

You visited 1 branch of the dungeon, and saw 10 of its levels.

You collected 616 gold pieces.

Inventory:

Hand Weapons
 a - a +0 hand axe
 E - the +6 hand axe of the Toadstool (weapon) {chop, rElec rF- rN+ MP+9 Int+2}
   (You found it on level 7 of the Dungeon)

   It inflicts extra damage upon your enemies.
   It affects your intelligence (+2).
   It makes you vulnerable to fire.
   It insulates you from electricity.
   It protects you from negative energy.
   It affects your magic capacity (+9).
Missiles
 s - 2 tomahawks (quivered)
Armour
 u - a +0 cloak (worn)
 y - a +0 leather armour (worn)
Jewellery
 D - a ring of protection from fire (left hand)
Wands
 n - a wand of enslavement (11/24)
 x - a wand of disintegration (15/24)
 F - a wand of enslavement (13/24)
 G - a wand of confusion (35/48)
 H - a wand of confusion (25/48)
Scrolls
 d - 5 scrolls of remove curse
 f - 3 scrolls of amnesia {unknown}
 m - 2 scrolls of fog {unknown}
 o - 3 scrolls of identify {unknown}
 p - 2 scrolls of teleportation {unknown}
 q - a scroll of enchant weapon {unknown}
 v - 2 scrolls of magic mapping {unknown}
 w - a scroll of immolation {unknown}
 B - a scroll of summoning {unknown}
 J - a scroll of fear {unknown}
 K - a scroll of silence {unknown}
 M - 2 scrolls of blinking {unknown}
Potions
 e - 5 potions of curing {unknown}
 h - a potion of cure mutation {unknown}
 i - 2 potions of brilliance {unknown}
 j - 3 potions of lignification {unknown}
 k - 2 potions of flight {unknown}
 l - a potion of mutation {unknown}
 t - a potion of agility {unknown}
 z - 5 potions of haste {unknown}
 A - a potion of cancellation {unknown}
 C - a potion of berserk rage {unknown}
Books
 I - a book of Misfortune

   Spells                             Type                      Level
   a - Confusing Touch                Hexes                        1
   b - Confuse                        Hexes                        3
   c - Gell's Gravitas                Hexes/Translocation          3
   d - Petrify                        Transmutation/Earth          4
   e - Metabolic Englaciation         Hexes/Ice                    5
   f - Yara's Violent Unravelling     Hexes/Transmutation          5
   Trog disapproves of the use of such an item.
Comestibles
 c - 7 bread rations
 g - 9 beef jerkies
 r - 3 meat rations
 L - 7 slices of pizza


   Skills:
 - Level 7.5 Fighting
 + Level 11.5 Axes
 + Level 11.0 Armour
 + Level 8.4 Dodging


You had 9 spell levels left.
You didn't know any spells.

Dungeon Overview and Level Annotations

Branches:
Dungeon (10/15)            Temple (0/1) D:5             Orc (0/2) D:9
   Lair: D:8-11

Altars:

Shops:
D:4 :

Annotations:
D:3 pelusohot's ghost, amateur TrMo


Innate Abilities, Weirdness & Mutations

You reflexively headbutt those who attack you in melee.
You have a pair of horns on your head.


Message History

The centaur warrior zombie hits you but does no damage.
You hit the centaur warrior zombie.
You headbutt the centaur warrior zombie!
The centaur warrior zombie is almost destroyed.
The centaur warrior zombie hits you.
You slash the centaur warrior zombie!
The centaur warrior zombie is almost destroyed.
The centaur warrior zombie closely misses you.
You hit the centaur warrior zombie but do no damage.
You headbutt the centaur warrior zombie.
You destroy the centaur warrior zombie!
Trog accepts your kill.
Your Armour skill increases to level 11!
No target in view!
Welcome back, oplop the Minotaur Berserker.
Trog says: Kill them all!
Press ? for a list of commands and other information.
Quiver which item? (- for none, * to show all) (? for menu, Esc to quit)
Okay, then.
Are you sure you want to abandon this character and quit the game? (Confirm with "yes".)

##########
.........#
.........#
.......@.#
...<.....#
.......<.#
##########


There were no monsters in sight!

Vanquished Creatures
  The ghost of greenice the Carver, a novice MiFi (D:6)
  2 trolls (D:9)
  A hippogriff (D:7)
  A hornet (D:9)
  Sigmund (D:5)
  4 hogs (D:9)
  A human (D:9)
  2 orc warriors (D:6)
  4 sky beasts
  A necrophage (D:7)
  2 ogres
  4 centaurs
  7 bullfrogs
  A wyvern zombie (D:9)
  A water moccasin skeleton (D:7)
  2 scorpions
  4 killer bees (D:8)
  3 wights (D:7)
  4 howler monkeys
  5 crimson imps
  A bullfrog zombie (D:4)
  2 centaur zombies
  2 jellies
  2 hounds
  5 orc priests
  4 centaur skeletons
  Ijyb (D:3)
  A bullfrog skeleton (D:8)
  4 iguanas
  5 orc wizards
  2 worker ants
  2 hound zombies (D:4)
  A hound skeleton (D:4)
  A worker ant zombie (D:4)
  A howler monkey skeleton (D:6)
  14 adders
  A shadow imp (D:5)
  3 oozes
  2 adder skeletons (D:4)
  An adder zombie (D:4)
  2 worms
  A dart slug (D:1)
  6 leopard geckos
  15 orcs
  6 giant cockroaches
  8 goblins
  4 hobgoblins
  8 jackals
  2 quokkas
  A ball python (D:7)
  8 bats
  4 frilled lizards
  A jackal skeleton (D:4)
  A jackal zombie (D:7)
  4 kobolds (D:1)
  2 leopard gecko zombies (D:4)
  3 quokka skeletons
  4 rats
186 creatures vanquished.

Notes
Turn   | Place    | Note
-------+----------+-------------------------------------------
     0 | D:1      | oplop the Minotaur Berserker began the quest for the Orb.
     0 | D:1      | Reached XP level 1. HP: 19/19 MP: 0/0
   185 | D:1      | Reached XP level 2. HP: 21/27 MP: 1/1
   563 | D:1      | Reached XP level 3. HP: 33/33 MP: 2/2
  1043 | D:2      | Reached ** piety under Trog
  1329 | D:2      | Reached XP level 4. HP: 32/41 MP: 3/3
  1880 | D:3      | Reached skill level 5 in Fighting
  1941 | D:3      | Noticed Ijyb
  1953 | D:3      | Killed Ijyb
  1953 | D:3      | Reached skill level 5 in Axes
  1953 | D:3      | Reached XP level 5. HP: 39/48 MP: 4/4
  2008 | D:3      | Noticed pelusohot's ghost (amateur TrMo)
  2274 | D:4      | Found Libliucw's Book Boutique.
  2283 | D:4      | Reached XP level 6. HP: 27/57 MP: 5/5
  2827 | D:4      | Reached skill level 5 in Armour
  3202 | D:5      | Entered Level 5 of the Dungeon
  3261 | D:5      | Reached *** piety under Trog
  3262 | D:5      | Reached XP level 7. HP: 64/64 MP: 6/6
  3311 | D:5      | Found a staircase to the Ecumenical Temple.
  3562 | D:5      | Noticed Sigmund
  3582 | D:5      | Killed Sigmund
  4033 | D:5      | Reached XP level 8. HP: 73/73 MP: 7/7
  4463 | D:6      | Noticed greenice's ghost (novice MiFi)
  4602 | D:6      | Killed greenice's ghost
  4897 | D:6      | Reached XP level 9. HP: 76/79 MP: 8/8
  4911 | D:6      | Reached skill level 5 in Dodging
  5549 | D:7      | Got an ancient hand axe
  5550 | D:7      | Identified the +6 hand axe of the Toadstool {chop, rElec rF- rN+ MP+9 Int+2} (You found it on level 7 of the Dungeon)
  6003 | D:7      | Reached skill level 10 in Axes
  6401 | D:8      | Reached **** piety under Trog
  7294 | D:9      | Reached skill level 10 in Armour
  7323 | D:9      | Reached XP level 10. HP: 55/85 MP: 9/9
  7506 | D:9      | Found a staircase to the Orcish Mines.
  7557 | D:9      | HP: 4/85 [poisoned by a hornet]
  7563 | D:9      | HP: 2/85 [poisoned by a hornet]
  7569 | D:9      | HP: 2/85 [poisoned by a hornet]
  8110 | D:10     | Entered Level 10 of the Dungeon
  8119 | D:10     | Quit the game

Skill      XL: |  1  2  3  4  5  6  7  8  9 10 |
---------------+-------------------------------+-----
Axes           | 4 5 6 7 9 10 11 | 11.5
Fighting       | 4 5 6 7 |  7.5
Armour         | 3 4 5 6 8 10 11 | 11.0
Dodging        | 4 7 8 |  8.4

Action                   |  1- 3 |  4- 6 |  7- 9 | 10-12 || total
-------------------------+-------+-------+-------+-------++-------
Melee: Hand axe          |    87 |   117 |   244 |    59 ||   507
       Headbutt          |    13 |    21 |    61 |    14 ||   109
Invok: Berserk           |     1 |     2 |     6 |     3 ||    12
       Trog's Hand       |       |     2 |     5 |     1 ||     8
  Use: Scroll            |       |       |       |     1 ||     1
 Stab: Distracted        |       |     1 |       |       ||     1
  Eat: Chunk             |     2 |     7 |    11 |     4 ||    24
       Royal jelly       |       |       |     1 |       ||     1
       Meat ration       |       |       |     2 |       ||     2
Armor: Animal skin       |    17 |    17 |     7 |       ||    41
       Leather armour    |       |       |    33 |    12 ||    45
Dodge: Dodged            |    61 |    60 |   124 |    36 ||   281
